 Dungeon Sprint DCSS version 0.16-a0-4078-g0e80503 (console) character file.

1100000 Monkaria the Tortoise (level 11, 0/121 HPs)
             Began as a Deep Dwarf Fighter on Feb 22, 2015.
             Was an Initiate of Makhleb.
             Slain by a meat berserker
             ... wielding a +9 battleaxe
              (50 damage)
             ... in the Dungeon (Sprint VIII: "Arena of Blood").
             The game lasted 00:00:27 (11 turns).

Monkaria the Tortoise (Deep Dwarf Fighter)            Turns: 11, Time: 00:00:27

Health: 0/121      AC: 10    Str: 22    XL:     11   Next: 37%
Magic:  11/11      EV: 10    Int:  8    God:    Makhleb [......]
Gold:   0          SH:  0    Dex: 14    Spells: 0 memorised, 10 levels left

rFire  . . .     SeeInvis .     i - +∞ Axe of Woe
rCold  . . .     Clarity  .     b - +0 scale mail
rNeg   . . .     SustAb   .     (no shield)
rPois  .         Gourm    .     (no helmet)
rElec  .         Spirit   .     (no cloak)
rCorr  .         Warding  .     (no gloves)
rMut   .         NoTele   +     (no boots)
MR     +....                    (no amulet)
Stlth  ..........               (no ring)
                                (no ring)

@: very slightly contaminated, non-regenerating, hasted, very quick, somewhat
resistant to hostile enchantments, extremely unstealthy
A: damage resistance, recharge devices, sense surroundings 2, slow healing 3
a: Device Recharging, Renounce Religion


You were in the Dungeon.
You worshipped Makhleb.
Makhleb was noncommittal.
You were not hungry.

You visited 1 branch

Inventory:

Hand weapons
 a - a +0 war axe
 i - the +∞ Axe of Woe (weapon)
   (You found it in the Dungeon)
Armour
 b - a +0 scale mail (worn)
 c - a +0 shield
Magical devices
 d - a wand of heal wounds (5)
Scrolls
 l - a scroll of blinking
Potions
 e - a potion of might
 g - a potion of curing
 h - a potion of heal wounds
 j - 2 potions of magic
 k - a potion of berserk rage
Comestibles
 f - a bread ration


   Skills:
 + Level 14.4 Fighting
 + Level 9.8 Axes
 + Level 16.5 Armour
 + Level 16.5 Shields


You had 10 spell levels left.
You didn't know any spells.

Dungeon Overview and Level Annotations

Branches:
Dungeon (1/1)

Altars:
Makhleb


Innate Abilities, Weirdness & Mutations

You are resistant to damage.
You can recharge devices by infusing magical energy.
You passively map the area around you.
You do not heal naturally.


Message History

You have reached level 5!
You have reached level 6!
Your experience leads to an increase in your attributes!
Increase (S)trength, (I)ntelligence, or (D)exterity?
You feel agile.
You have reached level 7!
You have reached level 8!
You feel stronger.
You have reached level 9!
Your experience leads to an increase in your attributes!
Increase (S)trength, (I)ntelligence, or (D)exterity?
You feel agile.
Your attunement to dungeon structure grows.
You have reached level 10!
You have reached level 11!
You hear a shout! x5
The meat berserker rages. x2
You hear a shout! x4
The meat berserker hits you with a +9 battleaxe!!!
You die...

,,, ..., , , ,, ,
,..... .. , , , ,,
#..., o# , , ,, ,
#... ..# , ,, ,
..###... ..###. ,
,
,,......###o.....,
....._...... , * ,
#.....#,,, , *, ,
, #@O<._# ,,, , ,
*, ,, #O....# ,,,
, ,Ooo.._...... ,
, ,
.o....###...... *
, oo###... ,..###.
#... ,..# , ,,
,#...,, .# , ,,
,,....., .o , ,* *
, ,... , ,, ,


You could see 2 meat berserkers and 2 bags of meat.

Vanquished Creatures
  An ogre (D)
1 creature vanquished.

Notes
Turn   | Place    | Note
--------------------------------------------------------------
     0 | D        | Monkaria, the Deep Dwarf Fighter, began the quest for the Orb.
     0 | D        | Reached XP level 1. HP: 20/20 MP: 1/1
     3 | D        | Noticed a bag of meat
     4 | D        | Noticed a bag of meat
     5 | D        | Noticed a bag of meat
     5 | D        | Noticed a meat berserker
     6 | D        | Noticed a bag of meat
     6 | D        | Noticed a bag of meat
     6 | D        | Noticed a meat berserker
     7 | D        | Noticed a meat berserker
     8 | D        | Noticed a bag of meat
     8 | D        | Noticed a bag of meat
     9 | D        | Noticed a bag of meat
    10 | D        | Became a worshipper of Makhleb the Destroyer
    11 | D        | Killed a meat berserker
    11 | D        | Reached skill level 14 in Fighting
    11 | D        | Reached skill level 16 in Armour
    11 | D        | Reached XP level 2. HP: 23/51 MP: 2/2
    11 | D        | Reached XP level 3. HP: 26/58 MP: 3/3
    11 | D        | Reached XP level 4. HP: 30/67 MP: 4/4
    11 | D        | Reached XP level 5. HP: 33/74 MP: 5/5
    11 | D        | Reached XP level 6. HP: 36/82 MP: 6/6
    11 | D        | Reached XP level 7. HP: 39/90 MP: 7/7
    11 | D        | Reached XP level 8. HP: 42/98 MP: 8/8
    11 | D        | Gained mutation: You passively map the area around you. [level up]
    11 | D        | Reached XP level 9. HP: 45/105 MP: 9/9
    11 | D        | Reached XP level 10. HP: 48/114 MP: 10/10
    11 | D        | Reached XP level 11. HP: 50/121 MP: 11/11
    11 | D        | Slain by a meat berserker

Action                   |  1- 3 |  4- 6 |  7- 9 | 10-12 || total
-------------------------+-------+-------+-------+-------++-------
Melee: Executioner's axe |     1 |       |       |       ||     1
  Use: Potion            |     1 |       |       |       ||     1
